 Dungeon Crawl Stone Soup version 0.25.1-2-g60ff931df9 (webtiles) character file.

Game seed: 2924574444039711653

142 Acheron the Vexing (level 5, -1/50 HPs)
             Began as an Ogre Arcane Marksman on July 30, 2020.
             Slain by an orc wizard
             ... wielding a +1 dagger of distortion
              (4 damage)
             ... on level 3 of the Dungeon.
             The game lasted 00:13:08 (2626 turns).

Acheron the Vexing (Ogre Arcane Marksman)           Turns: 2626, Time: 00:13:09

Health: -1/50      AC:  5    Str: 14    XL:     5   Next: 25%
Magic:  8/8        EV: 10    Int: 14    God:
Gold:   84         SH:  0    Dex: 10    Spells: 5/8 levels left

rFire    . . .     SeeInvis .   e - +2 spear (venom)
rCold    . . .     Gourm    .   (no shield)
rNeg     . . .     Faith    .   s - +2 robe
rPois    .         Spirit   .   (helmet restricted)
rElec    .         Reflect  .   (no cloak)
rCorr    .         Harm     .   (gloves unavailable)
MR       .....                  (boots unavailable)
Stlth    +.........             (no amulet)
HPRegen  0.56/turn              (no ring)
MPRegen  0.11/turn              (no ring)

@: no status effects
A: large, unfitting armour, horns 1, talons 1, regeneration 1, tough skin 1
a: no special abilities


You were on level 3 of the Dungeon.
You were not hungry.

You visited 1 branch of the dungeon, and saw 4 of its levels.

You collected 84 gold pieces.

Inventory:

Hand Weapons
 b - a +0 short sword
 e - a +2 spear of venom (weapon)
 u - a +0 hand axe
Missiles
 c - 3 large rocks (quivered)
 d - 2 throwing nets
 h - 80 stones
Armour
 a - a +0 robe
 s - a +2 robe (worn)
Jewellery
 p - a cursed amulet of inaccuracy {unknown}
Scrolls
 g - a scroll of random uselessness {unknown}
 j - 3 scrolls of teleportation {unknown}
 k - a scroll of noise {unknown}
 l - 2 scrolls of enchant armour {unknown}
 m - a scroll of blinking {unknown}
 n - 2 scrolls of enchant weapon {unknown}
 t - a scroll of fear
Potions
 i - a potion of degeneration {unknown}
 r - a potion of cancellation {unknown}
Comestibles
 f - 9 rations
 q - a chunk of flesh


   Skills:
 * Level 2.5 Fighting
 * Level 2.3 Polearms
 * Level 2.4 Throwing
 * Level 2.3 Dodging
 * Level 1.1 Stealth
 * Level 2.1 Spellcasting
 * Level 3.1 Hexes


You had 5 spell levels left.
You knew the following spells:

 Your Spells              Type           Power        Failure   Level  Hunger
a - Corona                Hex            ##.....      7%          1    ##.....
b - Slow                  Hex            ##......     10%         2    ###....

Your spell library contained the following spells:

 Spells                   Type           Power        Failure   Level  Hunger
 Inner Flame              Hex/Fire       #.......     36%         3    ####...
 Portal Projectile        Hex/Tloc       #.....       36%         3    ####...
 Cause Fear               Hex            ##........   54%         4    #####..
 Leda's Liquefaction      Hex/Erth       #.........   77%         4    #####..


Dungeon Overview and Level Annotations

Branches:
Dungeon (4/15)
 Temple: D:4-7

Altars:
Sif Muna
Vehumet


Innate Abilities, Weirdness & Mutations

You are too large for most types of armour.
You have tough skin. (AC +1)
You have a pair of small horns on your head.
You have sharp toenails.
Your natural rate of healing is unusually fast.


Message History

You hear some strange, mumbled words.
Something tries to affect you, but you resist.
You closely miss something. Something hits you.
Space warps horribly around you.
You hit something but do no damage. Something completely misses you.
You hit something but do no damage. Something hits you. Space bends around you.
* * * LOW HITPOINT WARNING * * *
You miss something. Something hits you but does no damage.
Space bends around you.
* * * LOW HITPOINT WARNING * * *
You hit something.
You hear some strange, mumbled words.
A puff of flame appears from out of thin air!
The puff of flame hits you.
* * * LOW HITPOINT WARNING * * *
It was a potion of mutation.
You feel extremely strange. A pair of horns grows on your head!
Your toenails lengthen and sharpen.
You begin to heal more quickly.
Something hits you but does no damage. Space bends around you.
You die...

############.### #.# ##......
#################.# ##...####
#..............##.# ##......##
##.############.##.#####.........
##.### #................## .....#
####......)......#
.....#***#######).............##
#....#*,,......{@.............#
#....#*,*####.####.#.####.###.#
'........,,*#,* #.#.# #.###.#
#........,,,,,* #.#.# #.....#
#####.....,**** #.#.# #..##.# ,*
*.....,* #...# #..##)# ,*
*.....,* #####..####..##.# ,*
***.#*,* #<..............# .#
*,**,* #.##...####..####


There were no monsters in sight!

Vanquished Creatures
  Jessica (D:3)
  2 adders (D:3)
  2 oozes
  2 worms (D:2)
  4 dart slugs
  2 leopard geckos
  6 orcs (D:3)
  7 bats
  3 giant cockroaches
  7 goblins
  12 hobgoblins
  5 jackals
  A quokka (D:3)
  A ball python (D:1)
  2 frilled lizards (D:1)
  3 kobolds
  6 rats
66 creatures vanquished.

Notes
Turn   | Place    | Note
-------+----------+-------------------------------------------
     0 | D:1      | Acheron the Ogre Arcane Marksman began the quest for the
                  | Orb.
     0 | D:1      | Reached XP level 1. HP: 19/19 MP: 2/2
    92 | D:1      | You fall into a shaft and drop 1 floor!
    93 | D:2      | Noticed a sky beast
   117 | D:1      | Reached XP level 2. HP: 25/27 MP: 4/4
   433 | D:1      | Reached XP level 3. HP: 34/35 MP: 5/5
   439 | D:1      | Reached skill level 3 in Hexes
  1165 | D:2      | Reached skill level 1 in Polearms
  1365 | D:3      | Reached XP level 4. HP: 42/42 MP: 6/6
  1657 | D:3      | Noticed Jessica
  1732 | D:2      | Found a radiant altar of Vehumet.
  1751 | D:2      | Learned a level 2 spell: Slow
  1802 | D:2      | Found a faded altar of an unknown god.
  2056 | D:3      | Reached skill level 1 in Stealth
  2325 | D:3      | Killed Jessica
  2325 | D:3      | Reached XP level 5. HP: 50/50 MP: 8/8
  2458 | D:3      | Found a shimmering blue altar of Sif Muna.
  2626 | D:3      | Gained mutation: You have a pair of small horns on your
                  | head. [potion of mutation]
  2626 | D:3      | Gained mutation: You have sharp toenails. [potion of
                  | mutation]
  2626 | D:3      | Gained mutation: Your natural rate of healing is unusually
                  | fast. [potion of mutation]
  2626 | D:3      | Slain by an orc wizard

Illustrated notes

Levels and vault maps discovered:
D:1:      lightli_iron_boxes, layout_loops_ring, serial_glass, glass_columns_c,
          glass_columns_b, glass_columns_c, glass_columns_a, minmay_domino_4
D:2:      layout_basic, lemuel_crystal_altar, first_ration,
          chequers_ecumenical_altar_simple
D:3:      layout_loops_ring, lemuel_blue_sif_altar, dk_noncrumbling_3,
          uniq_jessica
D:4:      layout_basic, nicolae_overflow_crystal_walls, grunt_dithmenos_smoke,
          uniq_ijyb

Skill      XL: |  1  2  3  4 |
---------------+-------------+-----
Dodging        | 2 |  2.3
Hexes          | 3 |  3.1
Fighting       | 2 |  2.5
Polearms       | 1 2 |  2.3
Spellcasting   | 2 |  2.1
Stealth        | 1 |  1.1
Throwing       | |  2.4

Action                   |  1- 3 |  4- 6 || total
-------------------------+-------+-------++-------
Melee: Spear             |    81 |    93 ||   174
Throw: Large rock        |     4 |       ||     4
  Use: Scroll            |       |     3 ||     3
       Potion            |       |     2 ||     2
 Stab: Sleeping          |     1 |     1 ||     2
  Eat: Chunk             |     1 |     1 ||     2
       Ration            |       |     1 ||     1
Armor: Robe              |    13 |    18 ||    31
Dodge: Dodged            |    26 |    37 ||    63
